 Dungeon Crawl Stone Soup version 0.27-a0-984-g00e00afbbc (webtiles) character file.

Game seed: 17780688114881392346

50 Nosferatu13666 the Sneak (level 3, -4/18 HPs)
             Began as a Spriggan Brigand on Apr 14, 2021.
             Slain by a worm (10 damage)
             ... on level 3 of the Dungeon on Apr 15, 2021.
             The game lasted 00:19:44 (2462 turns).

Nosferatu13666 the Sneak (Spriggan Brigand)         Turns: 2462, Time: 00:19:45

Health: -4/18      AC:  3    Str:  7    XL:     3   Next: 55%
Magic:  4/4        EV: 16    Int: 12    God:
Gold:   110        SH:  0    Dex: 17    Spells: 2/2 levels left

rFire    + . .     SeeInvis +   a - +2 dagger
rCold    . . .     Faith    .   (shield restricted)
rNeg     . . .     Spirit   .   b - +0 robe
rPois    .         Reflect  .   (helmet restricted)
rElec    .         Harm     .   c - +0 cloak
rCorr    .         Rampage  .   (gloves unavailable)
Will     .....                  (boots unavailable)
Stlth    ++++......             (no amulet)
HPRegen  0.06/turn              i - ring of protection from fire
MPRegen  0.09/turn              (no ring)

@: very quick
A: very small, no large weapons, unfitting armour, see invisible, speed 3
a: no special abilities


You were on level 3 of the Dungeon.
You visited 1 branch of the dungeon, and saw 3 of its levels.

You collected 110 gold pieces.

Inventory:

Hand Weapons
 a - a +2 dagger (weapon)
Armour
 b - a +0 robe (worn)
 c - a +0 cloak (worn)
Jewellery
 i - a ring of protection from fire (left hand)
Wands
 e - a wand of flame (6)
 h - a wand of iceblast (4)
Scrolls
 f - a scroll of amnesia
 k - a scroll of teleportation
Potions
 g - a potion of heal wounds
 j - a potion of degeneration {unknown}


   Skills:
 + Level 1.7 Fighting
 + Level 2.4 Short Blades
 + Level 2.4 Throwing
 + Level 1.5 Dodging
 + Level 7.3 Stealth


You had 2 spell levels left.
You didn't know any spells.
Your spell library was empty.

Dungeon Overview and Level Annotations

Branches:
Dungeon (3/15)

Altars:


Innate Abilities, Weirdness & Mutations

You are very small and have problems with some larger weapons.
You are too small for most types of armour.
You have supernaturally acute eyesight. (SInv)
You cover ground extremely quickly. (Speed+++)


Message History

A worm is nearby!
A worm is nearby!
You hit the worm.
The worm is lightly wounded.
You hit the worm.
The worm is moderately wounded.
The worm bites you.
You hit the worm.
The worm is moderately wounded.
You hit the worm.
The worm is heavily wounded.
The worm barely misses you.
You hit the worm.
The worm is heavily wounded.
You hit the worm.
The worm is severely wounded.
The worm bites you.
You barely miss the worm.
The worm is severely wounded.
The worm bites you!
Ouch! That really hurt!
* * * LOW HITPOINT WARNING * * *
You see here a ball python corpse.
There is a stone staircase leading up here.
You climb upwards.
There is a stone staircase leading down here.
You start resting.
HP restored.
You climb downwards.
The worm bites you!
Ouch! That really hurt!
There is a stone staircase leading up here.
You hit the worm but do no damage. You hit the worm.
The worm is lightly wounded.
The worm barely misses you.
You barely miss the worm.
The worm is lightly wounded.
The worm bites you!
Ouch! That really hurt!
You die...

######.# #....w.#
#รท####.# #.# #.#
#.# #.# #.# #.#
#.# #.# ## #w#
#.# .. #@# #.#
#+###.########.##
.........w......#
...)#.###########
. #


You could see a worm.

Vanquished Creatures
  A worm (D:2)
  A dart slug (D:1)
  5 endoplasms
  A giant cockroach (D:1)
  5 goblins
  7 hobgoblins
  4 jackals (D:1)
  4 kobolds
  4 ball pythons
  4 bats
  3 rats
39 creatures vanquished.

Notes
Turn   | Place    | Note
-------+----------+-------------------------------------------
     0 | D:1      | Nosferatu13666 the Spriggan Brigand began the quest for the
                  | Orb.
     0 | D:1      | Reached XP level 1. HP: 10/10 MP: 2/2
    21 | D:1      | Reached skill level 6 in Stealth
    66 | D:1      | Found a faded altar of an unknown god.
   114 | D:1      | Reached XP level 2. HP: 14/14 MP: 3/3
   814 | D:1      | Reached skill level 7 in Stealth
   814 | D:1      | Reached XP level 3. HP: 14/18 MP: 4/4
  1740 | D:3      | Noticed a water moccasin
  2053 | D:3      | Upgraded the game from 0.27-a0-972-gd1521fd518 to
                  | 0.27-a0-984-g00e00afbbc
  2462 | D:3      | Slain by a worm

Illustrated notes

Levels and vault maps discovered:
D:1:      ncdulo_lavacross, layout_rooms,
          shapermc_ecumenical_altar_starsandcircs, hex_tiny,
          hangedman_decor_clover_reticule, serial_bayou_pond_d
D:2:      layout_basic, feat_on_display
D:3:      layout_basic, nicolae_uskayaw_en_pointe, serial_corexii_hall,
          chequers_hall_statues_wall_a, chequers_hall_statues_wall_a,
          eino_tiny_chamber, uniq_sigmund

Skill      XL: |  1  2 |
---------------+-------+-----
Stealth        | 6 7 |  7.3
Fighting       | |  1.7
Short Blades   | |  2.4
Throwing       | |  2.4
Dodging        | |  1.5

Action                   || total
-------------------------++-------
Melee: Dagger            ||    81
Throw: Dart              ||    53
  Use: Scroll            ||     4
 Stab: Sleeping          ||    14
Armor: Robe              ||    10
Dodge: Dodged            ||    58

Table legend: (Time is in decaauts)
 A = Elapsed time spent in this place.
 B = Non-inter-level travel time spent in this place.
 C = Inter-level travel time spent in this place.
 D = Time resting spent in this place.
 E = Time spent auto-exploring this place.
 F = Levels seen in this place.
 G = Mean time per level.
                   A        B        C        D        E       F      G
               +--------+--------+--------+--------+--------+-----+--------+
         Total |   1824 |   1824 |      0 |    664 |      0 |   3 |  608.0 |
       Dungeon |   1824 |   1824 |      0 |    664 |      0 |   3 |  608.0 |
               +--------+--------+--------+--------+--------+-----+--------+

Top non-repeatable levels by time:
     D:2: 962 daAuts
     D:1: 758 daAuts
     D:3: 103 daAuts
